 Dungeon Crawl Stone Soup version 0.21.1-1-g345015f (webtiles) character file.

9 tidbits the Chiller (level 2, -6/20 HPs)
             Began as a Gnoll Ice Elementalist on Apr 3, 2018.
             Killed from afar by an orc wizard (9 damage)
             ... with a puff of flame
             ... on level 3 of the Dungeon.
             The game lasted 00:01:10 (131 turns).

tidbits the Chiller (Gnoll Ice Elementalist)         Turns: 131, Time: 00:01:10

Health: -6/20      AC:  2    Str: 10    XL:     2   Next: 16%
Magic:  4/7        EV: 14    Int: 17    God:
Gold:   25         SH:  0    Dex: 15    Spells: 9/10 levels left

rFire    . . .     SeeInvis .   a - +0 dagger
rCold    . . .     Gourm    .   (no shield)
rNeg     . . .     Faith    .   e - +0 robe
rPois    .         Spirit   .   (no helmet)
rElec    .         Reflect  .   (no cloak)
rCorr    .         Harm     .   (no gloves)
MR       .....                  (no boots)
Stlth    +++.......             (no amulet)
HPRegen  0.06/turn              (no ring)
MPRegen  0.10/turn              (no ring)

@: no status effects
A: distributed training, fangs 1, strong nose
a: no special abilities


You were on level 3 of the Dungeon.
You were not hungry.

You visited 1 branch of the dungeon, and saw 3 of its levels.

You collected 25 gold pieces.

Inventory:

Hand Weapons
 a - a +0 dagger (weapon)
Armour
 e - a +0 robe (worn)
Scrolls
 d - a scroll of identify {unknown}
 g - a scroll of blinking {unknown}
 h - a scroll of enchant weapon {unknown}
Books
 b - a book of Frost

   Spells                             Type                      Level
   a - Freeze                         Ice                          1
   b - Throw Frost                    Conjuration/Ice              2
   c - Ozocubu's Armour               Charms/Ice                   3
   d - Throw Icicle                   Conjuration/Ice              4
   e - Summon Ice Beast               Ice/Summoning                4
Comestibles
 c - 2 rations


   Skills:
 + Level 0.3 Fighting
 + Level 0.3 Short Blades
 + Level 0.3 Long Blades
 + Level 0.3 Axes
 + Level 0.3 Maces & Flails
 + Level 0.3 Polearms
 + Level 0.3 Staves
 + Level 0.3 Slings
 + Level 0.3 Bows
 + Level 0.3 Crossbows
 + Level 0.3 Throwing
 + Level 0.3 Armour
 + Level 4.4 Dodging
 + Level 4.0 Stealth
 + Level 0.3 Shields
 + Level 0.3 Unarmed Combat
 + Level 4.9 Spellcasting
 + Level 2.0 Conjurations
 + Level 0.2 Hexes
 + Level 0.2 Charms
 + Level 0.2 Summonings
 + Level 0.2 Necromancy
 + Level 0.2 Translocations
 + Level 0.2 Transmutations
 + Level 0.2 Fire Magic
 + Level 5.3 Ice Magic
 + Level 0.2 Air Magic
 + Level 0.2 Earth Magic
 + Level 0.2 Poison Magic
 + Level 0.4 Invocations
 + Level 0.3 Evocations


You had 9 spell levels left.
You knew the following spells:

 Your Spells              Type           Power        Failure   Level  Hunger
a - Freeze                Ice            ###.         1%          1    None


Dungeon Overview and Level Annotations

Branches:
Dungeon (3/15)

Altars:


Innate Abilities, Weirdness & Mutations

Your experience applies equally to all skills.
You have very sharp teeth.
Your uncanny sense of smell can sniff out nearby items.


Message History

e - a +0 dagger (weapon)
Adjust (i)tems, (s)pells, or (a)bilities?
Adjust which item? (? for menu, Esc to quit)
e - a +0 dagger (weapon)
Adjust to which letter? (? for menu, Esc to quit)
a - a +0 dagger (weapon);
e - a +0 robe (worn)
You climb downwards.
Found 11 gold pieces.
There is a stone staircase leading up here.
Unknown command.
You see here 11 gold pieces.
You now have 25 gold pieces (gained 11).
There is a stone staircase leading up here.
You climb upwards.
The hobgoblin shouts!
You hear a shout!
There is a stone staircase leading down here.
Unknown command.
A frilled lizard comes into view.
A goblin comes into view.
There is a stone staircase leading down here.
You climb downwards.
Found a scroll labeled QADDEO NEUDUA and a scroll labeled NUINTA VOCKODYHU.
There is a stone staircase leading up here.
Unknown command.
Found a ration and 19 stones.
You see here a scroll labeled QADDEO NEUDUA.
g - a scroll labeled QADDEO NEUDUA A bat comes into view.
You see here a ration.
c - 2 rations (gained 1)
The bat closely misses you.
Casting: Freeze
Confirm with . or Enter, or press ? or * to list all spells.
Aiming: Freeze
Press: ? - help, Shift-Dir - straight line, f - bat
Aim: a bat You freeze the bat.
The bat is severely wounded.
The bat closely misses you.
Casting: Freeze
Confirm with . or Enter, or press ? or * to list all spells.
Aiming: Freeze
Press: ? - help, Shift-Dir - straight line, f/p - bat
Aim: a bat (severely wounded)
You freeze the bat.
You kill the bat!
You see here a bat corpse.
You see here a scroll labeled NUINTA VOCKODYHU.
h - a scroll labeled NUINTA VOCKODYHU
Found a stone staircase leading down.
There is a stone staircase leading down here.
You climb downwards.
An orc comes into view. It is wielding a war axe.
Found a scroll labeled YQIMOMPORHO.
Found an escape hatch in the floor.
There is a stone staircase leading up here.
There is an escape hatch in the floor here.
An orc comes into view.
It is wielding a whip. 2 orcs and an orc wizard come into view.
You see here a scroll labeled YQIMOMPORHO.
Unknown command.
The helpless orc fails to defend itself.
You puncture the orc!
You kill the orc!
You have reached level 2!
The orc shouts!
The orc hits you with a whip!
Unknown command.
The orc throws an exploding tomahawk.
The exploding tomahawk barely misses you.
The exploding tomahawk explodes!
The explosion of tomahawk fragments engulfs you!
* * * LOW HITPOINT WARNING * * *
The orc wizard shouts!
You hear a shout! x3
It was a potion of cancellation.
You feel magically purged. The orc barely misses you.
Casting: Freeze
Confirm with . or Enter, or press ? or * to list all spells.
Aiming: Freeze
Press: ? - help, Shift-Dir - straight line, f - orc
Aim: an orc, wielding a whip and wearing a leather armour You freeze the orc.
You kill the orc!
Casting: Freeze
Confirm with . or Enter, or press ? or * to list all spells.
Aiming: Freeze
Press: ? - help, Shift-Dir - straight line, f - orc wizard
Aim: an orc wizard, wielding a dagger and wearing a robe You freeze the orc wizard.
The orc wizard is moderately wounded.
The orc wizard closely misses you.
Casting: Freeze
Confirm with . or Enter, or press ? or * to list all spells.
Aiming: Freeze
Press: ? - help, Shift-Dir - straight line, f/p - orc wizard
Aim: an orc wizard, wielding a dagger and wearing a robe (moderately wounded)
You freeze the orc wizard.
The orc wizard is severely wounded.
The orc wizard gestures at you while chanting.
The puff of flame hits you!
You die...

.## #... ... #..
#.# #.#
#####.##### ###
#)oo@.....#.....
#.o##>..<.....#
#..######.###...
#.o# .# #..# ..
...# ### .#.##
...


You could see an orc wizard and 2 orcs.

Vanquished Creatures
  2 orcs (D:3)
  3 bats
  2 kobolds (D:1)
7 creatures vanquished.

Notes
Turn   | Place    | Note
-------+----------+-------------------------------------------
     0 | D:1      | tidbits the Gnoll Ice Elementalist began the quest for the Orb.
     0 | D:1      | Reached XP level 1. HP: 13/13 MP: 6/6
    48 | D:1      | Reached skill level 2 in Conjurations
   123 | D:3      | Noticed an orc wizard
   125 | D:3      | Reached XP level 2. HP: 19/19 MP: 7/7
   131 | D:3      | Killed from afar by an orc wizard

Skill      XL: |  1 |
---------------+----+-----
Conjurations   | 2 |  2.0
Fighting       | |  0.3
Short Blades   | |  0.3
Long Blades    | |  0.3
Axes           | |  0.3
Maces & Flails | |  0.3
Polearms       | |  0.3
Staves         | |  0.3
Slings         | |  0.3
Bows           | |  0.3
Crossbows      | |  0.3
Throwing       | |  0.3
Armour         | |  0.3
Dodging        | |  4.4
Stealth        | |  4.0
Shields        | |  0.3
Unarmed Combat | |  0.3
Spellcasting   | |  4.9
Hexes          | |  0.2
Charms         | |  0.2
Summonings     | |  0.2
Necromancy     | |  0.2
Translocations | |  0.2
Transmutations | |  0.2
Fire Magic     | |  0.2
Ice Magic      | |  5.3
Air Magic      | |  0.2
Earth Magic    | |  0.2
Poison Magic   | |  0.2
Invocations    | |  0.4
Evocations     | |  0.3

Action                   || total
-------------------------++-------
Melee: Dagger            ||     1
 Cast: Freeze            ||    10
  Use: Potion            ||     1
 Stab: Sleeping          ||     1
Armor: Robe              ||     1
Dodge: Dodged            ||     7

Table legend:
 A = Turns spent in this place as a percentage of turns spent in the entire game.
 B = Non-inter-level travel turns spent in this place as a percentage of non-inter-level travel turns spent in the entire game.
 C = Inter-level travel turns spent in this place as a percentage of turns spent in this place.
 D = Turns resting spent in this place as a percentage of non-inter-level travel turns spent in this place.
 E = Turns spent auto-exploring this place as a percentage of non-inter-level travel turns spent in this place.
 F = Non-inter-level travel turns spent in this place divided by the number of levels of this place that you've seen.
                   A       B       C       D       E      F
               +-------+-------+-------+-------+-------+----------------------
         Total | 100.0 | 100.0 |   0.0 |   0.0 |   0.0 |  43.7
       Dungeon | 100.0 | 100.0 |   0.0 |   0.0 |   0.0 |  43.7
               +-------+-------+-------+-------+-------+----------------------

Table legend:
 A = Kills in this place as a percentage of kills in entire the game.
 B = Kills by you in this place as a percentage of kills by you in the entire game.
 C = Kills by friends in this place as a percentage of kills by friends in the entire game.
 D = Other kills in this place as a percentage of other kills in the entire game.
 E = Experience gained in this place as a percentage of experience gained in the entire game.
 F = Experience gained in this place divided by the number of levels of this place that you have seen.
                   A       B       C       D       E      F
               +-------+-------+-------+-------+-------+----------------------
         Total | 100.0 | 100.0 |   N/A |   N/A | 100.0 |   4.7
       Dungeon | 100.0 | 100.0 |   N/A |   N/A | 100.0 |   4.7
               +-------+-------+-------+-------+-------+----------------------

Vault maps used:
D:1:      dpeg_arrival_radiant, grunt_decor_clamped,
          kennysheep_decorative_pillar, minmay_misc_feat_encased
D:2:      grunt_temple_overflow_order_and_chaos_2
D:3:      old_standard_altar, lemuel_doored_altar,
          chequers_ecumenical_altar_simple_redux
